 Dungeon Crawl Stone Soup version 0.25.1-2-g60ff931df9 (webtiles) character file.

Game seed: 5041130864297605932

34443 MajorAdolf the Cleaver (level 13, -3/121 HPs)
             Began as a Naga Wanderer on Oct 7, 2020.
             Was an Initiate of Gozag.
             Slain by an orc warrior
             ... wielding a +0 long sword
              (22 damage)
             ... on level 2 of the Orcish Mines.
             The game lasted 00:46:45 (21703 turns).

MajorAdolf the Cleaver (Naga Wanderer)             Turns: 21703, Time: 00:46:46

Health: -3/121     AC: 25    Str: 25    XL:     13   Next: 77%
Magic:  20/20      EV: 11    Int: 14    God:    Gozag
Gold:   1520       SH: 13    Dex: 18    Spells: 12/12 levels left

rFire    + . .     SeeInvis +   K - +0 broad axe
rCold    x . .     Gourm    .   T - +2 kite shield {AC+3}
rNeg     . . .     Faith    .   Y - +7 scale mail of Undesirable Species {+Inv rC- Regen+ Str+2}
rPois    +         Spirit   .   (no helmet)
rElec    .         Reflect  .   b - +2 cloak
rCorr    .         Harm     .   W - +1 pair of gloves
MR       ++...     Rnd*Tele +   (no barding)
Stlth    +.........             M - amulet of regeneration
HPRegen  1.10/turn              P - ring "Denuq" {rF+ Str+4}
MPRegen  0.17/turn              q - +6 ring of dexterity

@: gold aura, lightly drained, very slow
A: large, see invisible, clever 1, deformed body, magic resistance 1, poison
resistance, slowness 2, slow metabolism 1, spit poison 1, teleportitis 1,
constrict 1, AC +4
a: Spit Poison, Potion Petition, Call Merchant, Bribe Branch, Renounce Religion,
Evoke Invisibility


You were on level 2 of the Orcish Mines.
You worshipped Gozag.
Gozag was most pleased with you.
You were hungry.

You visited 3 branches of the dungeon, and saw 16 of its levels.

You collected 4654 gold pieces.
You spent 1491 gold pieces at shops.
You paid 1643 gold pieces to Gozag.

Inventory:

Hand Weapons
 u - a +0 hunting sling
 K - a +0 broad axe (weapon)
 O - a +2 hand axe of venom
Missiles
 g - 278 stones (quivered)
 v - 104 sling bullets
 w - 85 poisoned darts
Armour
 b - a +2 cloak (worn)
 T - a +2 kite shield of protection (worn)
 W - a +1 pair of gloves (worn)
 Y - the +7 scale mail of Undesirable Species (worn) {+Inv rC- Regen+ Str+2}
   (You bought it in a shop on level 10 of the Dungeon)

   It affects your strength (+2).
   It makes you vulnerable to cold.
   It lets you turn invisible.
   It increases your rate of regeneration.
Jewellery
 l - an uncursed amulet of reflection
 p - an uncursed ring of resist corrosion
 q - a +6 ring of dexterity (right hand)
 x - an uncursed ring of flight
 A - an uncursed ring of wizardry
 E - a +4 ring of evasion {unknown}
 J - an uncursed ring of magical power
 M - an amulet of regeneration (around neck)
 P - the ring "Denuq" (left hand) {rF+ Str+4}
   (You found it on level 13 of the Dungeon)

   [ring of protection from fire]

   It affects your strength (+4).
   It protects you from fire.
 X - an uncursed ring of positive energy
Wands
 c - a wand of acid (10)
 G - a wand of paralysis (4)
 I - a wand of flame (48)
 L - a wand of clouds (5)
Scrolls
 d - a scroll of fog
 e - 2 scrolls of silence {unknown}
 i - 2 scrolls of enchant weapon
 j - 6 scrolls of remove curse
 o - a scroll of vulnerability
 s - 2 scrolls of immolation
 y - 2 scrolls of identify
 C - a scroll of amnesia
 N - a scroll of teleportation
 R - 2 scrolls of enchant armour
Potions
 a - 2 potions of heal wounds
 h - 2 potions of brilliance
 k - 2 potions of stabbing
 m - 3 potions of degeneration
 n - 3 potions of haste
 r - 7 potions of curing
 t - a potion of cancellation
 z - 5 potions of flight
 B - a potion of invisibility
 D - a potion of lignification
 F - 4 potions of berserk rage
 H - a potion of magic
 U - 2 potions of ambrosia
Miscellaneous
 S - a phial of floods
Comestibles
 f - 8 rations


   Skills:
 + Level 9.2(8.6) Fighting
 + Level 10.9(10.3) Axes
   Level 1.0(6.4) Polearms
 + Level 9.7(9.1) Armour
 + Level 7.6(7.0) Dodging
 - Level 4.4(3.8) Stealth
 + Level 5.1(4.6) Shields
 + Level 10.4(9.8) Evocations


You had 12 spell levels left.
You didn't know any spells.
Your spell library contained the following spells:

 Spells                   Type           Power        Failure   Level  Hunger
 Animate Skeleton         Necr           N/A          83%         1    ##.....
 Foxfire                  Conj/Fire      #...         83%         1    ##.....
 Magic Dart               Conj           #...         83%         1    ##.....
 Pain                     Necr           #...         83%         1    ##.....
 Shock                    Conj/Air       #...         83%         1    ##.....
 Blink                    Tloc           N/A          93%         2    ###....
 Call Imp                 Summ           #.......     93%         2    ###....
 Searing Ray              Conj           #.....       93%         2    ###....
 Slow                     Hex            #.......     93%         2    ###....
 Swiftness                Chrm/Air       #.......     93%         2    ###....
 Confusing Touch          Hex            #.......     99%         3    ####...
 Conjure Flame            Conj/Fire      #.......     99%         3    ####...
 Dazzling Flash           Conj/Hex       #.....       99%         3    ####...
 Gell's Gravitas          Tloc           #.........   99%         3    ####...
 Mephitic Cloud           Conj/Pois/Air  #.......     99%         3    ####...
 Static Discharge         Conj/Air       #.......     99%         3    ####...
 Vampiric Draining        Necr           #.........   99%         3    ####...
 Airstrike                Air            #.........   100%        4    #####..
 Animate Dead             Necr           N/A          100%        4    #####..
 Fulminant Prism          Conj/Hex       #.........   100%        4    #####..
 Iskenderun's Mystic Bla  Conj/Tloc      #.......     100%        4    #####..
 Petrify                  Tmut/Erth      #.......     100%        4    #####..
 Agony                    Necr           #.......     100%        5    ######.
 Blade Hands              Tmut           #.........   100%        5    ######.
 Lightning Bolt           Conj/Air       #.........   100%        5    ######.
 Metabolic Englaciation   Hex/Ice        #.........   100%        5    ######.
 Yara's Violent Unravell  Hex/Tmut       #.........   100%        5    ######.
 Simulacrum               Ice/Necr       #.........   100%        6    #######
 Orb of Destruction       Conj           #.........   100%        7    #######


Dungeon Overview and Level Annotations

Branches:
Dungeon (13/15)            Temple (1/1) D:7            Lair (0/6) D:10
    Orc (2/2) D:11
    Elf: Orc:2       Vaults: D:13-14

Altars:
Ashenzari
Cheibriados
Dithmenos
Elyvilon
Fedhas
Gozag
Hepliaklqana
Kikubaaqudgha
Makhleb
Nemelex Xobeh
Okawaru
Qazlal
Ru
Sif Muna
Trog
Uskayaw
Vehumet
Wu Jian
Xom
Yredelemnul
Zin
The Shining One

Shops:
D:10 ![

Annotations:
D:2 exclusion: downstairs
D:6 1 runed translucent door, sankara's ghost, novice MiHu
D:10 exclusion: downstairs
D:12 exclusion: obsidian statue


Innate Abilities, Weirdness & Mutations

You cannot wear boots.
Your serpentine skin is tough. (AC +4)
You have supernaturally acute eyesight. (SInv)
Armour fits poorly on your strangely shaped body.
Your system is resistant to poisons. (rPois)
You cover ground very slowly.
You have a slow metabolism.
You can spit poison.
You can use your snake-like lower body to constrict enemies.
Your mind is acute. (Int +2)
You are resistant to hostile enchantments. (MR+)
You are occasionally teleported next to monsters.


Message History

An orc knight and an orc sorcerer come into view.
The orc sorcerer is wielding a +0 dagger and wearing a +2 robe of magic resistance.
The orc knight shouts!
The orc sorcerer shouts!
The orc warrior hits you with a +0 long sword!
* * * LOW HITPOINT WARNING * * *
The orc sorcerer mumbles some strange words.
You hear a shout!
Found three rat skeletons and a yak skeleton.
Items here: $ )) [[ 9 gold pieces; a +0 dagger; a +2 robe of magic resistance; a +0 battleaxe a +0 plate armour You hit the orc warrior but do no damage.
You grab the orc warrior. You constrict the orc warrior.
The orc warrior hits you but does no damage.
The soul eater draws from the surrounding life force!
* * * LOW HITPOINT WARNING * * *
You release your grip on the orc warrior.
The orc warrior hits you with a +0 long sword!!
You die...
Your body crumbles into a pile of gold.

....## #........#.... .÷...
##.##.)..##... ÷...##
####...####.# o.÷.###.#....# ##.
..o.#......## #.. ### .÷.##....##
##. ##.###### #3..#...## ##
#.......#### ##$..#..### ##.
##.........# ###@o..#....## #..
##.......#####.....##.....### ##.
#............$....##...#.##.###..
##...............##.....##...#...
#.............###........#..#...
##.........))##...##.........#..
###.........))..##...#.........
###.........))..###.#...#...#..
##................#####......#..


You could see a soul eater (summoned), an orc sorcerer and an orc warrior
(strong).

Vanquished Creatures
  An orc warlord (Orc:2)
  An ettin (Orc:1)
  Erolcha (D:9)
  Fannar (D:10)
  3 centaur warriors (D:13)
  2 two-headed ogres
  2 orc knights (Orc:2)
  Pikel (D:5)
  A deep elf mage (D:13)
  3 cyclopes
  2 ugly things (D:13)
  An orc sorcerer (Orc:2)
  A manticore (D:13)
  A slime creature (D:13)
  Joseph (D:7)
  An ice statue (D:12)
  Psyche (D:10)
  A yaktaur (D:13)
  A kobold demonologist (D:13)
  A komodo dragon (D:10)
  2 trolls
  3 hornets
  2 hippogriffs
  Sigmund (D:3)
  A spriggan (D:8)
  2 wraiths (D:13)
  2 wyverns (D:10)
  39 yaks
  2 hungry ghosts
  A vampire mosquito (D:13)
  4 wargs
  A water moccasin (D:12)
  5 ice beasts
  31 orc warriors
  2 phantoms
  A slave (D:5)
  4 black bears
  A sky beast (D:6)
  2 eyes of draining
  4 necrophages
  12 ogres
  5 centaurs
  2 crocodiles
  3 big kobolds (D:13)
  8 bullfrogs
  2 wyvern zombies
  A wyvern skeleton (D:13)
  5 scorpions
  26 killer bees
  16 wights
  6 howler monkeys
  6 crimson imps
  A bullfrog zombie (D:6)
  4 jellies
  2 quasits
  18 orc priests
  Crazy Yiuf (D:2)
  3 centaur zombies
  8 hounds
  18 orc wizards
  2 centaur skeletons
  4 iguanas
  Ijyb (D:3)
  Terence (D:3)
  Natasha (D:2)
  10 worker ants
  A killer bee zombie (D:8)
  4 gnolls (D:6)
  A worker ant zombie (D:6)
  12 adders
  5 shadow imps
  2 oozes (D:3)
  2 worms
  2 dart slugs
  5 leopard geckos
  78 orcs
  2 ball pythons
  2 bat zombies (D:4)
  7 giant cockroaches
  5 goblins
  6 hobgoblins
  9 jackals
  7 quokkas
  5 bats
  4 frilled lizards
  4 kobolds
  2 quokka skeletons
  6 rats
  4 rat zombies (D:4)
  A spectral orc (D:8)
  2 plants (D:10)
481 creatures vanquished.

Vanquished Creatures (others)
  An unseen horror (D:13)
  3 orc wizards
  A hobgoblin (D:2)
  A quokka (D:2)
  A ball python (D:5)
  A plant (D:10)
8 creatures vanquished.

Grand Total: 489 creatures vanquished

Notes
Turn   | Place    | Note
-------+----------+-------------------------------------------
     0 | D:1      | MajorAdolf the Naga Wanderer began the quest for the Orb.
     0 | D:1      | MajorAdolf set off with the following items: a +2 dagger, a
                  | potion of heal wounds, a +0 falchion, a wand of random
                  | effects (15), a +0 robe, a ration
     0 | D:1      | Reached XP level 1. HP: 21/21 MP: 1/1
   668 | D:1      | Reached XP level 2. HP: 24/28 MP: 3/3
  1435 | D:2      | Reached XP level 3. HP: 34/34 MP: 5/5
  1475 | D:2      | Found a runed translucent door.
  1476 | D:2      | Noticed Crazy Yiuf
  1502 | D:2      | Found a white marble altar of Elyvilon.
  1698 | D:2      | Noticed Natasha
  1991 | D:3      | Noticed Ijyb
  2282 | D:3      | Noticed Terence
  2288 | D:3      | Reached XP level 4. HP: 42/42 MP: 6/6
  2457 | D:3      | Noticed Sigmund
  3103 | D:4      | Reached XP level 5. HP: 26/49 MP: 8/8
  3373 | D:4      | Reached skill level 5 in Evocations
  3597 | D:4      | Found an ancient bone altar of Kikubaaqudgha.
  3717 | D:5      | Entered Level 5 of the Dungeon
  4061 | D:5      | Found a bloodstained altar of Trog.
  4162 | D:5      | Noticed an ice beast
  4167 | D:5      | Killed an ice beast
  4167 | D:5      | Reached XP level 6. HP: 41/56 MP: 8/10
  4185 | D:5      | Noticed a slave
  4207 | D:5      | Killed a slave
  4679 | D:5      | Noticed Pikel
  4682 | D:5      | Noticed a slave
  4683 | D:5      | Noticed a slave
  4684 | D:5      | Killed Pikel
  4684 | D:5      | Reached XP level 7. HP: 62/62 MP: 11/11
  4857 | D:5      | Reached XP level 8. HP: 46/69 MP: 12/12
  5199 | D:5      | Found a burning altar of Makhleb.
  5521 | D:6      | Found a glowing silver altar of Zin.
  5956 | D:6      | Reached skill level 5 in Axes
  5956 | D:6      | Reached skill level 5 in Armour
  6496 | D:6      | Found a runed translucent door.
  6496 | D:6      | Noticed a shadow
  6496 | D:6      | Noticed sankara's ghost (novice MiHu)
  6616 | D:6      | Reached XP level 9. HP: 69/75 MP: 13/13
  6720 | D:6      | Reached skill level 1 in Dodging
  7170 | D:6      | Found a white marble altar of Elyvilon.
  7596 | D:7      | Identified Sif Muna's Handbook of Mutagenic Attacks
  7619 | D:7      | Found a hazy altar of Hepliaklqana.
  7763 | D:7      | Noticed Joseph
  7779 | D:7      | Killed Joseph
  8056 | D:7      | Noticed a hornet
  8064 | D:7      | Killed a hornet
  8378 | D:7      | Found a staircase to the Ecumenical Temple.
  8417 | Temple   | Entered the Ecumenical Temple
  9345 | D:8      | Reached XP level 10. HP: 80/86 MP: 14/14
 10428 | D:8      | Found a basalt altar of Yredelemnul.
 10453 | D:8      | Found an opulent altar of Gozag.
 10527 | D:8      | Became a worshipper of Gozag Ym Sagoz the Greedy
 10754 | D:3      | Killed Sigmund
 10820 | D:3      | Killed Terence
 10820 | D:3      | Reached skill level 5 in Fighting
 11011 | D:3      | Killed Ijyb
 11062 | D:3      | Found a shimmering altar of Xom.
 11167 | D:2      | Killed Natasha
 11317 | D:2      | Killed Crazy Yiuf
 11665 | D:8      | HP: 2/87 [yak (12)]
 12577 | D:9      | Found a glowing golden altar of the Shining One.
 12814 | D:9      | Noticed Erolcha
 12825 | D:9      | Killed Erolcha
 12957 | D:9      | Noticed a two-headed ogre
 12969 | D:9      | Killed a two-headed ogre
 12969 | D:9      | Reached XP level 11. HP: 97/97 MP: 16/16
 13387 | D:10     | Entered Level 10 of the Dungeon
 14260 | D:10     | Noticed Fannar
 14297 | D:10     | Reached skill level 5 in Dodging
 14503 | D:10     | Found a staircase to the Lair.
 14944 | D:10     | Bought a +2 kite shield of protection for 322 gold pieces
 14951 | D:11     | Noticed Psyche
 14951 | D:11     | Noticed a two-headed ogre
 14961 | D:10     | Killed Psyche
 14964 | D:10     | Killed a two-headed ogre
 14969 | D:10     | Reached skill level 1 in Shields
 15079 | D:10     | Killed Fannar
 15463 | D:10     | Identified a scroll of acquirement
 15463 | D:10     | Acquired 490 gold pieces
 16251 | D:10     | Reached XP level 12. HP: 29/109 MP: 18/18
 16496 | D:10     | Bought a potion of heal wounds for 65 gold pieces
 17462 | D:11     | Found a staircase to the Orcish Mines.
 17527 | D:10     | Bought a potion of lignification for 39 gold pieces
 17527 | D:10     | Bought a potion of curing for 39 gold pieces
 17527 | D:10     | Bought 2 potions of heal wounds for 130 gold pieces
 17527 | D:10     | Bought a potion of curing for 39 gold pieces
 17527 | D:10     | Bought a potion of berserk rage for 65 gold pieces
 17527 | D:10     | Bought a potion of flight for 39 gold pieces
 17563 | D:10     | Gained mutation: You are frail. (-10% HP) [potion of
                  | mutation]
 17563 | D:10     | Gained mutation: You possess an exceptional clarity of
                  | mind. [potion of mutation]
 17564 | D:10     | Lost mutation: You are frail. (-10% HP) [potion of
                  | mutation]
 17564 | D:10     | Lost mutation: You possess an exceptional clarity of mind.
                  | [potion of mutation]
 17564 | D:10     | Gained mutation: You are occasionally teleported next to
                  | monsters. [potion of mutation]
 17564 | D:10     | Gained mutation: Your mind is acute. (Int +2) [potion of
                  | mutation]
 17564 | D:10     | Gained mutation: You are resistant to hostile enchantments.
                  | (MR+) [potion of mutation]
 17699 | D:12     | Reached skill level 10 in Axes
 19015 | D:12     | Noticed a soul eater
 19414 | D:13     | Gained mutation: You can use your snake-like lower body to
                  | constrict enemies. [Naga growth]
 19414 | D:13     | Reached XP level 13. HP: 25/118 MP: 20/20
 19711 | D:13     | Reached skill level 10 in Evocations
 19959 | D:13     | Got an ancient marble ring
 19961 | D:13     | Identified the ring "Denuq" {rF+ Str+4} (You found it on
                  | level 13 of the Dungeon)
 19969 | D:13     | Identified the Tome of Sinister Arts and Air
 20587 | Orc:1    | Entered Level 1 of the Orcish Mines
 20619 | Orc:1    | Noticed an ettin
 20633 | Orc:1    | Killed an ettin
 20733 | D:10     | Bought the +7 scale mail of Undesirable Species {+Inv rC-
                  | Regen+ Str+2} for 753 gold pieces
 20973 | Orc:2    | Entered Level 2 of the Orcish Mines
 21008 | Orc:2    | Noticed an orc warlord
 21178 | Orc:2    | Killed an orc warlord
 21416 | Orc:2    | Reached skill level 5 in Shields
 21703 | Orc:2    | Slain by an orc warrior

Illustrated notes

Levels and vault maps discovered:
D:1:      eino_arrival_cavern_a, layout_loops_ring
D:2:      layout_loops_cross, elyvilon_altar_4, uniq_crazy_yiuf_cottage,
          uniq_natasha
D:3:      layout_loops_cross, nicolae_overflow_hidden_temple, uniq_sigmund,
          uniq_terence, uniq_ijyb
D:4:      layout_rooms, lemuel_zombie_altar_kikubaaqudgha, first_ration
D:5:      layout_loops_ring, kennysheep_little_box, kennysheep_mini, uniq_pikel
D:6:      minmay_general_purpose_star, layout_basic, kennysheep_mini_moat,
          basic_altar, ebering_ghost_inner_flame, minmay_door_square,
          minmay_fractal_squares_5
D:7:      layout_gridville, nicolae_overflow_crystal_walls,
          minmay_temple_entry_mini_moons, uniq_joseph
D:8:      layout_cave_pools, yredelemnul_forgotten_temple_becter,
          lemuel_doored_altar, the_bakery
D:9:      layout_long_grid, tso_oasis_becter, uniq_erolcha
D:10:     layout_basic, david_lair_shrubbed, kennysheep_generic_room_14,
          uniq_fannar
D:11:     layout_cross, david_orc_4, uniq_psyche
D:12:     layout_cave_pods, special_room [special_room_orc], minmay_more_statues
D:13:     layout_basic, grunt_vaults_entry_fortified,
          minmay_the_grid_square_5x5_3x3_mashed
          [minmay_the_grid_square_5x5_one_wall, minmay_the_grid_square_5x5_c,
          minmay_the_grid_square_5x5_plus, minmay_the_grid_square_5x5_inner_v,
          minmay_the_grid_square_5x5_megaprize_crossed,
          minmay_the_grid_square_5x5_detours,
          minmay_the_grid_square_5x5_minibox, minmay_the_grid_square_5x5_forky,
          minmay_the_grid_square_5x5_z]
Temple:   dshaligram_water_room_temple
Orc:1:    layout_caves, basic_altar, nicolae_orc_rich_vein, uniq_sonja
Orc:2:    grunt_orc_tribal_feast, layout_caves

Skill      XL: |  1  2  3  4  5  6  7  8  9 10 11 12 13 |
---------------+----------------------------------------+-----
Evocations     | 2 3 4 5 6 7 8 9 10 | 10.4
Armour         | 2 4 6 7 8 9 |  9.7
Axes           | 3 4 6 7 8 9 10 | 10.9
Dodging        | 3 4 5 6 7 |  7.6
Fighting       | 4 6 7 8 9 |  9.2
Shields        | 2 3 5 |  5.1
Polearms       | |  1.0
Stealth        | |  4.4

Action                   |  1- 3 |  4- 6 |  7- 9 | 10-12 | 13-15 || total
-------------------------+-------+-------+-------+-------+-------++-------
Melee: Dagger            |    44 |    47 |     2 |       |       ||    93
       Whip              |       |       |    64 |       |       ||    64
       Broad axe         |       |       |   184 |  1261 |   317 ||  1762
       Constrict         |       |       |       |       |    68 ||    68
 Fire: Hunting sling     |    39 |   108 |    56 |       |       ||   203
Throw: Stone             |     5 |       |       |       |       ||     5
Invok: Call Merchant     |       |       |       |     2 |       ||     2
 Abil: Spit Poison       |    14 |    15 |    24 |    11 |       ||    64
Evoke: Wand              |       |     8 |     5 |    23 |     1 ||    37
  Use: Scroll            |       |     4 |     9 |    15 |     1 ||    29
       Potion            |       |     1 |       |     7 |     1 ||     9
 Stab: Sleeping          |     3 |       |       |       |       ||     3
       Paralysed         |       |       |    10 |    11 |     6 ||    27
       Distracted        |       |       |       |    10 |     5 ||    15
       Confused          |       |       |       |     2 |       ||     2
  Eat: Chunk             |     4 |     3 |    10 |     2 |       ||    19
       Ration            |       |     1 |     1 |    10 |     2 ||    14
Armor: Ring mail         |    10 |       |       |       |       ||    10
       Robe              |    11 |    14 |       |       |       ||    25
       Chain mail        |       |    72 |   201 |  1034 |   123 ||  1430
       Scale mail        |       |       |       |       |    38 ||    38
Dodge: Dodged            |    27 |    57 |    84 |   519 |   117 ||   804
Block: Kite shield       |       |       |       |   677 |   213 ||   890
